 Dungeon Crawl Stone Soup version 0.27-a0-1434-g6f15984924 (webtiles) character file.

Game seed: 5458748024737557152

113 funkygono the Bolt Thrower (level 4, 0/27 HPs)
             Began as a Gargoyle Hunter on July 3, 2021.
             Slain by Purgy (7 damage)
             ... in a sewer.
             The game lasted 00:05:05 (2293 turns).

funkygono the Bolt Thrower (Gargoyle Hunter)        Turns: 2293, Time: 00:05:05

Health: 0/27       AC:  9    Str: 14 (17) XL:     4   Next: 96%
Magic:  4/4        EV:  9    Int:  9 (11) God:
Gold:   98         SH:  0    Dex:  7 (10) Spells: 2/3 levels left

rFire    x . .     SeeInvis .   a - +0 club
rCold    + . .     Faith    .   (no shield)
rNeg     + . .     Spirit   .   l - +0 scale mail
rPois    ∞         Reflect  .   (no helmet)
rElec    +         Harm     .   (no cloak)
rCorr    .         Rampage  .   (no gloves)
Will     .....                  (no boots)
Stlth    ..........             (no amulet)
HPRegen  0.09/turn              k - ring of ice
MPRegen  0.09/turn              (no ring)

@: very slow
A: sickness immunity, AC +3, negative energy resistance 1, electricity
resistance, torment resistance 1, petrification resistance
a: no special abilities


You were in a sewer.
You visited 1 branch of the dungeon, and saw 3 of its levels.
You also visited: Sewer.

You collected 98 gold pieces.

Inventory:

Hand Weapons
 a - a +0 club (weapon)
 b - a +1 hand crossbow
 e - a +0 short sword
Missiles
 d - 6 bolts
Armour
 j - a +0 ring mail
 l - a +0 scale mail (worn)
Magical Staves
 i - a staff of air
Jewellery
 k - a ring of ice (left hand)
Potions
 c - a potion of flight {unknown}
 f - a potion of degeneration
 g - a potion of mutation
 h - 2 potions of brilliance {unknown}


   Skills:
 + Level 2.3 Fighting
 * Level 1.9 Maces & Flails
 + Level 5.1 Crossbows
 + Level 1.4 Armour
 + Level 1.8 Dodging
 - Level 1.1 Stealth


You had 2 spell levels left.
You knew the following spells:

 Your Spells              Type           Power      Damage    Failure   Level
a - Freeze                Ice            0%         1d3       87%         1

Your spell library contained the following spells:

 Spells                   Type           Power      Damage    Failure   Level
 Blink                    Tloc           N/A        N/A       95%         2
 Slow                     Hex            0%         N/A       95%         2
 Confusing Touch          Hex            0%         N/A       99%         3
 Frozen Ramparts          Ice            0%         1d2       99%         3
 Lesser Beckoning         Tloc           0%         N/A       99%         3
 Ozocubu's Armour         Ice            0%         N/A       99%         3
 Hailstorm                Conj/Ice       0%         3d3       100%        4
 Manifold Assault         Tloc           0%         N/A       100%        5
 Yara's Violent Unravell  Hex/Tmut       0%         3d3       100%        5
 Ozocubu's Refrigeration  Ice            0%         4d5       100%        7


Dungeon Overview and Level Annotations

Branches:
Dungeon (3/15)              Sewer (1/1)

Altars:

Annotations:
Sewer Purgy


Innate Abilities, Weirdness & Mutations

You are immune to sickness and miasma.
Your stone body is resilient. (AC +3)
You are immune to poison.
You resist negative energy. (rN+)
You are resistant to electric shocks. (rElec)
You are resistant to unholy torment.
You are immune to petrification.


Message History

Purgy is lightly wounded.
Purgy barely misses you. Purgy claws you but does no damage.
Purgy closely misses you.
You hit Purgy.
Purgy is lightly wounded.
Purgy closely misses you. Purgy claws you but does no damage.
Purgy closely misses you.
Your unstable footing causes you to fumble your attack.
Purgy bites you but does no damage. Purgy barely misses you.
Purgy claws you but does no damage.
You barely miss Purgy.
Purgy is lightly wounded.
Purgy bites you. Purgy closely misses you. Purgy barely misses you.
Purgy bites you but does no damage. Purgy barely misses you.
Purgy claws you but does no damage.
You hit Purgy but do no damage.
Purgy is lightly wounded.
Purgy looks very sad for a moment.
Purgy bites you but does no damage. Purgy claws you but does no damage.
Purgy closely misses you.
You hit Purgy.
Purgy is lightly wounded.
Purgy bites you but does no damage. Purgy closely misses you. x2
You barely miss Purgy. Purgy bites you but does no damage.
Purgy barely misses you. Purgy claws you but does no damage.
You hit Purgy but do no damage. Purgy bites you.
Purgy claws you but does no damage. Purgy barely misses you.
You closely miss Purgy.
Purgy hisses menacingly.
Purgy bites you. Purgy closely misses you. Purgy claws you.
Purgy bites you but does no damage. Purgy claws you but does no damage. x2
You closely miss Purgy. Purgy bites you but does no damage. Purgy claws you.
* * * LOW HITPOINT WARNING * * *
Purgy claws you but does no damage.
You closely miss Purgy. Purgy barely misses you. Purgy closely misses you. x2
It was a potion of degeneration.
There was something very wrong with that liquid.
You feel weakened.
You feel dopey.
You feel clumsy. Purgy bites you!
You die...

#≈≈≈≈###≈≈#######
#≈≈≈≈≈≈#≈≈≈≈≈≈≈≈≈≈
≈≈≈≈≈≈≈≈≈≈≈≈≈≈≈≈≈≈≈
≈≈≈≈≈≈≈≈≈≈≈≈≈≈≈≈≈≈≈
≈≈≈≈≈≈≈≈≈≈≈≈≈≈≈≈≈≈≈≈
≈≈≈≈≈≈≈≈≈≈≈≈≈≈≈≈≈≈≈≈
#≈≈≈≈≈≈≈≈≈≈≈≈≈≈≈≈≈≈≈≈≈≈
##≈≈≈≈≈≈≈≈≈≈≈≈..@T≈≈≈≈≈≈
≈≈≈≈≈≈≈≈≈≈≈≈≈≈.###≈≈≈≈≈≈
#≈≈≈≈≈≈≈≈≈≈≈.### .≈≈≈≈
≈≈≈≈≈≈≈≈≈≈≈≈≈.# #≈≈≈
≈≈≈≈≈≈≈≈≈≈≈≈### ≈.
≈≈≈≈≈≈≈≈.≈#.# #
≈≈≈≈≈≈≈≈≈≈.##
#≈≈≈≈≈≈≈#### ≈≈≈≈≈≈≈##


You could see Purgy.

Vanquished Creatures
  An orc wizard (D:3)
  An adder (D:2)
  A worm (D:3)
  4 dart slugs
  2 orcs (D:3)
  7 ball pythons
  3 bats
  4 endoplasms
  5 giant cockroaches
  5 goblins
  2 hobgoblins
  11 jackals
  2 kobolds
  3 quokkas
  3 frilled lizards
  4 rats
58 creatures vanquished.

Vanquished Creatures (others)
  9 plants (D:2)
9 creatures vanquished.

Grand Total: 67 creatures vanquished

Notes
Turn   | Place    | Note
-------+----------+-------------------------------------------
     0 | D:1      | funkygono the Gargoyle Hunter began the quest for the Orb.
     0 | D:1      | Reached XP level 1. HP: 12/12 MP: 1/1
    83 | D:1      | Reached XP level 2. HP: 17/17 MP: 2/2
   238 | D:1      | Reached XP level 3. HP: 21/21 MP: 3/3
   483 | D:1      | Found a faded altar of an unknown god.
   943 | D:2      | Reached skill level 1 in Armour
  1157 | D:2      | Reached skill level 5 in Crossbows
  1183 | D:2      | Reached skill level 1 in Maces & Flails
  1208 | D:2      | Reached XP level 4. HP: 17/26 MP: 4/4
  1713 | D:2      | Learned a level 1 spell: Freeze
  2139 | D:3      | Found a glowing drain.
  2166 | Sewer    | Entered a sewer
  2273 | Sewer    | Noticed Purgy
  2293 | Sewer    | Slain by Purgy

Illustrated notes

Levels and vault maps discovered:
D:1:      minmay_arrival_four_houses, layout_loops_cross,
          hellmonk_ecumenical_altar_lost_god
D:2:      layout_loops_ring, minmay_misc_feat_cross, serial_bayou_lake_a
D:3:      wander_river, layout_basic, serial_shops, shop, shop_fountains,
          cheibrodos_sewer_entry_bend, serial_glass, glass_columns_b,
          glass_columns_a
Sewer:    sewer_co_purgy_island

Skill      XL: |  1  2  3 |
---------------+----------+-----
Armour         | 1 |  1.4
Crossbows      | 5 |  5.1
Maces & Flails | 1 |  1.9
Fighting       | |  2.3
Dodging        | |  1.8
Stealth        | |  1.1

Action                   |  1- 3 |  4- 6 || total
-------------------------+-------+-------++-------
Melee: Short sword       |     9 |       ||     9
       Club              |    65 |    51 ||   116
 Fire: Hand crossbow     |    60 |    29 ||    89
  Use: Scroll            |     3 |     2 ||     5
       Potion            |       |     1 ||     1
Armor: Leather armour    |    11 |       ||    11
       Ring mail         |    43 |       ||    43
       Scale mail        |       |    43 ||    43
Dodge: Dodged            |    56 |    49 ||   105

Table legend: (Time is in decaauts)
 A = Elapsed time spent in this place.
 B = Non-inter-level travel time spent in this place.
 C = Inter-level travel time spent in this place.
 D = Time resting spent in this place.
 E = Time spent auto-exploring this place.
 F = Levels seen in this place.
 G = Mean time per level.
                   A        B        C        D        E       F      G
               +--------+--------+--------+--------+--------+-----+--------+
         Total |   2383 |   2295 |     88 |    106 |   1583 |   4 |  595.8 |
       Dungeon |   2246 |   2158 |     88 |    106 |   1495 |   3 |  748.7 |
         Sewer |    137 |    137 |      0 |      0 |     88 |   1 |  137.0 |
               +--------+--------+--------+--------+--------+-----+--------+

Top non-repeatable levels by time:
     D:2: 981 daAuts
     D:1: 908 daAuts
     D:3: 356 daAuts
   Sewer: 137 daAuts
